 Dungeon Crawl Stone Soup version 0.19-a0-459-gb8ed64d (webtiles) character file.

4 Duffy the Chopper (level 1, 0/19 HPs)
             Began as a Hill Orc Berserker on June 2, 2016.
             Was a Follower of Trog.
             Slain by Grinder (4 damage)
             ... on level 3 of the Dungeon.
             The game lasted 00:00:21 (315 turns).

Duffy the Chopper (Hill Orc Berserker)               Turns: 315, Time: 00:00:21

Health: 0/19       AC:  5    Str: 19    XL:     1   Next: 60%
Magic:  1/1        EV: 11    Int:  7    God:    Trog [*.....]
Gold:   0          SH:  0    Dex: 10    Spells: 0 memorised, 0 levels left

rFire  . . .     SeeInvis .     a - +0 hand axe
rCold  . . .     Gourm    .     e - +0 ring mail
rNeg   . . .     Faith    .     (no shield)
rPois  .         Spirit   .     (no helmet)
rElec  .         Dismiss  .     (no cloak)
rCorr  .         Reflect  .     (no gloves)
SustAt .         Harm     .     (no boots)
MR     .....                    (no amulet)
Stlth  ..........               (no ring)
                                (no ring)

@: exhausted, slowed, very slow, not resistant to hostile enchantments,
extremely unstealthy
A: no striking features
a: Berserk, Burn Spellbooks, Renounce Religion


You were on level 3 of the Dungeon.
You worshipped Trog.
Trog was aware of your devotion.
You were not hungry.

You visited 1 branch of the dungeon, and saw 3 of its levels.


   Skills:
 - Level 3.6 Fighting
 + Level 4.4 Axes
 - Level 2.1 Armour
 - Level 1.5 Dodging


You couldn't memorise any spells.
You didn't know any spells.

Inventory:

Hand Weapons
 a - a +0 hand axe (weapon)
Armour
 b - a +0 animal skin
 e - a +0 ring mail (worn)
Scrolls
 f - a scroll of fear {unknown}
Potions
 d - a potion of curing {unknown}
Comestibles
 c - a bread ration

Dungeon Overview and Level Annotations

Branches:
Dungeon (3/15)

Altars:

Annotations:
D:3 Grinder


Message History

You don't have any such object.
Wear which item? (? for menu, Esc to quit)
You start removing your armour.
You continue taking off your +0 animal skin. x4
You finish taking off your +0 animal skin.
You start putting on your armour.
You continue putting on your ring mail. x5
You finish putting on your +0 ring mail.
HP restored.
Found a stone staircase leading down.
f - a scroll labeled METERAT OPHETA
Found 23 stones.
Found a dagger.
(D) Dungeon
Where to? (* - list waypoints, Enter - D:2 @ (x,y), ? - help)
There is a stone staircase leading down here.
You climb downwards.
There is a stone staircase leading up here.
Found 12 sling bullets.
Found an escape hatch in the floor.
There is an escape hatch in the floor here.
Found 26 stones and a quarterstaff.
Found a robe.
Grinder comes into view.
Grinder blinks!
Grinder is nearby!
Use which ability? (? or * to list)
A red film seems to cover your vision as you go berserk!
You feel yourself moving faster!
You feel mighty!
You feel quite a bit more hungry.
You hit Grinder.
Grinder is lightly wounded.
Grinder blinks!
You feel a strong urge to attack something.
You feel your anger subside.
You are no longer berserk.
You are exhausted.
You feel yourself slow down.
You hit Grinder but do no damage.
Grinder is lightly wounded.
Grinder closely misses you.
You hit Grinder.
Grinder is lightly wounded.
Grinder hits you.
You writhe in agony.
Grinder hits you.
You writhe in agony.
You closely miss Grinder.
Grinder is lightly wounded.
Grinder says, "My boss said I was rubbish.
His entrails said otherwise."
Grinder barely misses you. x2
You hit Grinder.
Grinder is moderately wounded.
Grinder hits you.
You die...

#.##<# .).
#.##.#### #.#
#.>.....# #.#
#.......# #(#
#.##.#### #.#
#.##.#########.###
#.##.............#
#.##########.###5##
#.# #.##.@.## # #.
###.#.....##.#
.............#
###.##.....#.# #.
##..[#### #. ##.##
###


You could see Grinder.

Action                   || total
-------------------------++-------
Melee: Hand axe          ||    14
Invok: Berserk           ||     1
Armor: Animal skin       ||     1
Dodge: Dodged            ||     6

Notes
Turn   | Place    | Note
--------------------------------------------------------------
     0 | D:1      | Duffy the Hill Orc Berserker began the quest for the Orb.
     0 | D:1      | Reached XP level 1. HP: 19/19 MP: 1/1
   304 | D:3      | Noticed Grinder
   315 | D:3      | Slain by Grinder

Vault maps used:
D:1:      ncdulo_watergridlock, minmay_strange_pillars, kennysheep_another_room
D:2:      trog_hazing_becter
D:3:      minmay_overflow_temple_star_quad, grunt_decor_mini_mirrors,
          kennysheep_okawaru_gauntlet, uniq_grinder, uniq_robin

Vanquished Creatures
  A worm
  A kobold
2 creatures vanquished.
